| TOP OF THE 1ST |
|
University of South Carolina Gamecocks batting - Pitching for University of Toronto Marlies : LHP Carlos Ruedas
|
|
Pitching: LHP Carlos Ruedas
|
|
|
Batting: LHB Chris McNay
|
0-0: Ball 1-0: Foul Ball, location: 2F 1-1: Foul Ball, location: 2F 1-2: Strikes out swinging
|
|
Batting: RHB Justin Kurutz
|
0-0: Foul Ball, location: 2F 0-1: Fly out, F8 (Flyball, 8RS, EV 85.6 MPH)
|
|
Batting: SHB Keith Mihas
|
0-0: Called Strike 0-1: Ball 1-1: Foul Ball, location: 2F 1-2: Strikes out swinging
|
| Top of the 1st over - 0 runs, 0 hits, 0 errors, 0 left on base; University of South Carolina 0 - University of Toronto 0 |
| BOTTOM OF THE 1ST |
|
University of Toronto Marlies batting - Pitching for University of South Carolina Gamecocks : RHP Chris Kenny
|
|
Pitching: RHP Chris Kenny
|
|
|
Batting: LHB Efrem Isaev
|
0-0: Ball 1-0: Ground out 5-3 (Groundball, 5L, EV 88.1 MPH)
|
|
Batting: RHB Logan Johnson
|
0-0: Ball 1-0: Foul Ball, location: 2F 1-1: Ball 2-1: Foul Ball, location: 2F 2-2: Ground out 4-3 (Groundball, 4, EV 83.8 MPH)
|
|
Batting: RHB Elmar Adenauer
|
0-0: Ball 1-0: Ball 2-0: Ground out 3-1 (Groundball, 34, EV 80.0 MPH)
|
| Bottom of the 1st over - 0 runs, 0 hits, 0 errors, 0 left on base; University of South Carolina 0 - University of Toronto 0 |
| TOP OF THE 2ND |
|
University of South Carolina Gamecocks batting - Pitching for University of Toronto Marlies : LHP Carlos Ruedas
|
|
Batting: RHB Brian Passalacqua
|
0-0: Foul Ball, location: 2F 0-1: SINGLE (Line Drive, 4MD, EV 100.6 MPH)
|
|
Batting: RHB Phil Hanley
|
0-0: Foul Ball, location: 2F 0-1: Called Strike 0-2: Ball 1-2: Strikes out swinging
|
|
Batting: RHB Keith Lynch
|
0-0: Foul Ball, location: 2F 0-1: Called Strike 0-2: Grounds into double play, U3-6 (Groundball, 3L, EV 81.9 MPH)
|
| Top of the 2nd over - 0 runs, 1 hit, 0 errors, 0 left on base; University of South Carolina 0 - University of Toronto 0 |
| BOTTOM OF THE 2ND |
|
University of Toronto Marlies batting - Pitching for University of South Carolina Gamecocks : RHP Chris Kenny
|
|
Batting: RHB Akichika Yamano
|
0-0: SINGLE (Groundball, 4M, EV 103.8 MPH) (infield hit)
|
|
Batting: SHB Shannon Britten
|
0-0: Called Strike 0-1: Fielders Choice at 2nd, 5-4 (Groundball, 56D, EV 83.1 MPH)
|
|
Batting: RHB Jeff McClellan
|
0-0: Foul Ball, location: 2F 0-1: Ball 1-1: Foul Ball, location: 2F 1-2: Fly out, F8 (Flyball, 8RD, EV 104.4 MPH)
|
|
Batting: RHB Charlie Townend
|
0-0: Ball Shannon Britten steals 2nd base 1-0: Called Strike 1-1: Ground out 4-3 (Groundball, 4, EV 111.2 MPH)
|
| Bottom of the 2nd over - 0 runs, 1 hit, 0 errors, 1 left on base; University of South Carolina 0 - University of Toronto 0 |
| TOP OF THE 3RD |
|
University of South Carolina Gamecocks batting - Pitching for University of Toronto Marlies : LHP Carlos Ruedas
|
|
Batting: LHB Corey Lomas
|
0-0: Foul Ball, location: 2F 0-1: Called Strike 0-2: Ball 1-2: Foul Ball, location: 2F 1-2: Ball 2-2: Ball 3-2: Foul Ball, location: 2F 3-2: Ground out 1-3 (Groundball, 34S, EV 63.8 MPH)
|
|
Batting: RHB Danny Narvaez
|
0-0: Ball 1-0: Ball 2-0: Ball 3-0: Called Strike 3-1: Foul Ball, location: 2F 3-2: Strikes out swinging
|
|
Batting: RHB Jonathan Rausch
|
0-0: Called Strike 0-1: Called Strike 0-2: Strikes out swinging
|
| Top of the 3rd over - 0 runs, 0 hits, 0 errors, 0 left on base; University of South Carolina 0 - University of Toronto 0 |
| BOTTOM OF THE 3RD |
|
University of Toronto Marlies batting - Pitching for University of South Carolina Gamecocks : RHP Chris Kenny
|
|
Batting: SHB Jose Melendez
|
0-0: Called Strike 0-1: Foul Ball, location: 2F 0-2: SINGLE (Line Drive, 56, EV 99.4 MPH)
|
|
Batting: LHB Greg Robertson
|
0-0: Foul Ball, location: 2F 0-1: Foul Ball, location: 2F 0-2: Strikes out swinging
|
|
Batting: LHB Efrem Isaev
|
0-0: Called Strike 0-1: Swinging Strike 0-2: Fielders Choice at 2nd, 4-6 (Groundball, 4MD, EV 83.8 MPH)
|
|
Batting: RHB Logan Johnson
|
0-0: Ball 1-0: Ball 2-0: Ball 3-0: Called Strike 3-1: Base on Balls Efrem Isaev to second
|
|
Batting: RHB Elmar Adenauer
|
0-0: Called Strike 0-1: Foul Ball, location: 2F 0-2: Ball 1-2: Strikes out swinging
|
| Bottom of the 3rd over - 0 runs, 1 hit, 0 errors, 2 left on base; University of South Carolina 0 - University of Toronto 0 |
| TOP OF THE 4TH |
|
University of South Carolina Gamecocks batting - Pitching for University of Toronto Marlies : LHP Carlos Ruedas
|
|
Batting: LHB Chris McNay
|
0-0: Ball 1-0: Ball 2-0: Fly out, F5 (Popup, 5SF, EV 61.2 MPH)
|
|
Batting: RHB Justin Kurutz
|
0-0: Called Strike 0-1: Swinging Strike 0-2: Ball 1-2: Foul Ball, location: 2F 1-2: Strikes out swinging, 2-3 out at first.
|
|
Batting: SHB Keith Mihas
|
0-0: Foul Ball, location: 2F 0-1: Ball 1-1: SINGLE (Flyball, 78S, EV 91.9 MPH)
|
|
Batting: RHB Brian Passalacqua
|
0-0: Called Strike 0-1: Ball 1-1: Foul Ball, location: 2F 1-2: Ground out 4-3 (Groundball, 4, EV 78.8 MPH)
|
| Top of the 4th over - 0 runs, 1 hit, 0 errors, 1 left on base; University of South Carolina 0 - University of Toronto 0 |
| BOTTOM OF THE 4TH |
|
University of Toronto Marlies batting - Pitching for University of South Carolina Gamecocks : RHP Chris Kenny
|
|
Batting: RHB Akichika Yamano
|
0-0: Foul Ball, location: 2F 0-1: Ball 1-1: Swinging Strike 1-2: Foul Ball, location: 2F 1-2: Foul Ball, location: 2F 1-2: Ball 2-2: Ground out 6-3 (Groundball, 6, EV 85.0 MPH)
|
|
Batting: SHB Shannon Britten
|
0-0: Ball 1-0: Called Strike 1-1: Ball 2-1: SINGLE (Line Drive, 7S, EV 101.9 MPH)
|
|
Batting: RHB Jeff McClellan
|
0-0: Foul Ball, location: 2F 0-1: Foul Ball, location: 2F 0-2: Fielders Choice at 2nd, 4-6 (Groundball, 4, EV 103.1 MPH)
|
|
Batting: RHB Charlie Townend
|
0-0: Foul Ball, location: 2F 0-1: Swinging Strike 0-2: Foul Ball, location: 2F 0-2: Ball 1-2: Ground out 5-3 (Groundball, 5S, EV 91.2 MPH)
|
| Bottom of the 4th over - 0 runs, 1 hit, 0 errors, 1 left on base; University of South Carolina 0 - University of Toronto 0 |
| TOP OF THE 5TH |
|
University of South Carolina Gamecocks batting - Pitching for University of Toronto Marlies : LHP Carlos Ruedas
|
|
Batting: RHB Phil Hanley
|
0-0: Ball 1-0: Ball 2-0: Foul Ball, location: 2F 2-1: Called Strike 2-2: Ball 3-2: Strikes out looking
|
|
Batting: RHB Keith Lynch
|
0-0: Foul Ball, location: 2F 0-1: Called Strike 0-2: Ball 1-2: Foul Ball, location: 2F 1-2: Ball 2-2: Strikes out looking
|
|
Batting: LHB Corey Lomas
|
0-0: Ground out 6-3 (Groundball, 6, EV 88.1 MPH)
|
| Top of the 5th over - 0 runs, 0 hits, 0 errors, 0 left on base; University of South Carolina 0 - University of Toronto 0 |
| BOTTOM OF THE 5TH |
|
University of Toronto Marlies batting - Pitching for University of South Carolina Gamecocks : RHP Chris Kenny
|
|
Pitching: LHP Cris Duran
|
|
|
Batting: SHB Jose Melendez
|
0-0: Called Strike 0-1: Foul Ball, location: 2F 0-2: Ball 1-2: SINGLE (Line Drive, 7S, EV 102.5 MPH)
|
|
Batting: LHB Greg Robertson
|
0-0: Called Strike 0-1: Foul Ball, location: 2F 0-2: DOUBLE (Line Drive, 89D, EV 108.1 MPH) Jose Melendez to third Runner from 3rd tries for Home, SAFE, throw by CF to trailing runner, SAFE at third!
|
|
Pinch Hitting: RHB Rich Vanegas
|
0-0: Swinging Strike 0-1: Foul Ball, location: 2F 0-2: Ground out 5-3 (Groundball, 56, EV 90.6 MPH) Greg Robertson scores
|
|
Batting: RHB Logan Johnson
|
0-0: Foul Ball, location: 2F 0-1: Foul Ball, location: 2F 0-2: Ball 1-2: Foul Ball, location: 2F 1-2: Foul Ball, location: 2F 1-2: Foul Ball, location: 2F 1-2: Ball 2-2: Ball 3-2: SINGLE (Flyball, 3D, EV 99.4 MPH)
|
|
Pitching: RHP Bob Conway
|
|
|
Batting: RHB Elmar Adenauer
|
0-0: Called Strike 0-1: Ball Logan Johnson steals 2nd base 1-1: Foul Ball, location: 2F 1-2: Fly out, F7 (Flyball, 7S, EV 88.1 MPH)
|
|
Pinch Hitting: SHB Jack Tierney
|
0-0: Ball 1-0: Foul Ball, location: 2F 1-1: Called Strike 1-2: Foul Ball, location: 2F 1-2: Foul Ball, location: 2F 1-2: Ball 2-2: Ball 3-2: Fly out, F9 (Flyball, 9S, EV 88.8 MPH)
|
| Bottom of the 5th over - 2 runs, 3 hits, 0 errors, 1 left on base; University of South Carolina 0 - University of Toronto 2 |
| TOP OF THE 6TH |
|
University of South Carolina Gamecocks batting - Pitching for University of Toronto Marlies : LHP Carlos Ruedas
|
|
Pitching: RHP Luke Stannard
|
|
|
Now at 1B: Rich Vanegas
|
|
|
Now in LF: Jack Tierney
|
|
|
Now in RF: Greg Robertson
|
|
|
Batting: RHB Danny Narvaez
|
0-0: Ground out 5-3 (Groundball, 5, EV 82.5 MPH)
|
|
Batting: RHB Jonathan Rausch
|
0-0: Called Strike 0-1: Ground out 4-3 (Groundball, 4, EV 102.5 MPH)
|
|
Batting: LHB David Fowler
|
0-0: Ball 1-0: Called Strike 1-1: Ball 2-1: Called Strike 2-2: Ball 3-2: Ground out 5-3 (Groundball, 6, EV 98.1 MPH)
|
| Top of the 6th over - 0 runs, 0 hits, 0 errors, 0 left on base; University of South Carolina 0 - University of Toronto 2 |
| BOTTOM OF THE 6TH |
|
University of Toronto Marlies batting - Pitching for University of South Carolina Gamecocks : RHP Bob Conway
|
|
Pitching: LHP Mijalko Brkic
|
|
|
Now at 1B: Joel Bany
|
|
|
Batting: SHB Shannon Britten
|
0-0: Foul Ball, location: 2F 0-1: Called Strike 0-2: Strikes out looking
|
|
Batting: RHB Jeff McClellan
|
0-0: Ball 1-0: Ball 2-0: Called Strike 2-1: Ground out 5-3 (Groundball, 56, EV 81.2 MPH)
|
|
Batting: RHB Charlie Townend
|
0-0: Ground out 6-3 (Groundball, 6S, EV 68.1 MPH)
|
| Bottom of the 6th over - 0 runs, 0 hits, 0 errors, 0 left on base; University of South Carolina 0 - University of Toronto 2 |
| TOP OF THE 7TH |
|
University of South Carolina Gamecocks batting - Pitching for University of Toronto Marlies : RHP Luke Stannard
|
|
Pitching: LHP Nick Holt
|
|
|
Pinch Hitting: RHB Ben Turner
|
0-0: Called Strike 0-1: Ball 1-1: Ball 2-1: Foul Ball, location: 2F 2-2: Ball 3-2: SINGLE (Flyball, 9LS, EV 96.2 MPH)
|
|
Batting: RHB Joel Bany
|
0-0: Ball 1-0: SINGLE (Line Drive, 9LS, EV 104.4 MPH) Ben Turner to second
|
|
Batting: RHB Brian Passalacqua
|
0-0: Ball 1-0: Swinging Strike 1-1: Called Strike 1-2: Ground out 5-3 (Groundball, 56S, EV 68.1 MPH) Ben Turner to third Joel Bany to second
|
|
Pinch Hitting: LHB Jörg Young
|
0-0: Foul Ball, location: 2F 0-1: Fly out, F4 (Popup, 3S, EV 88.1 MPH)
|
|
Pinch Hitting: LHB Jonathan Barker
|
0-0: Called Strike 0-1: Ball Wild Pitch! Ben Turner scores Joel Bany to third 1-1: Ball 2-1: Foul Ball, location: 2F 2-2: Foul Ball, location: 2F 2-2: Ball 3-2: Ground out 4-3 (Groundball, 4D, EV 99.4 MPH)
|
| Top of the 7th over - 1 run, 2 hits, 0 errors, 1 left on base; University of South Carolina 1 - University of Toronto 2 |
| BOTTOM OF THE 7TH |
|
University of Toronto Marlies batting - Pitching for University of South Carolina Gamecocks : LHP Mijalko Brkic
|
|
Pitching: RHP Borisav Koljevic
|
|
|
Now at 1B: Jonathan Barker
|
|
|
Now at SS: Ben Turner
|
|
|
Now in CF: Jörg Young
|
|
|
Now in RF: Joel Bany
|
|
|
Batting: SHB Jose Melendez
|
0-0: Ground out 5-3 (Groundball, 56S, EV 65.0 MPH)
|
|
Batting: LHB Greg Robertson
|
0-0: Ball 1-0: Called Strike 1-1: Called Strike 1-2: Foul Ball, location: 2F 1-2: Ball 2-2: Ball 3-2: Strikes out looking
|
|
Batting: RHB Rich Vanegas
|
0-0: Called Strike 0-1: Ball 1-1: Foul Ball, location: 2F 1-2: Ball 2-2: Foul Ball, location: 2F 2-2: Strikes out swinging
|
| Bottom of the 7th over - 0 runs, 0 hits, 0 errors, 0 left on base; University of South Carolina 1 - University of Toronto 2 |
| TOP OF THE 8TH |
|
University of South Carolina Gamecocks batting - Pitching for University of Toronto Marlies : LHP Nick Holt
|
|
Pitching: RHP Brad Cannell
|
|
|
Batting: LHB Corey Lomas
|
0-0: Ball 1-0: Foul Ball, location: 2F 1-1: Swinging Strike 1-2: Strikes out swinging
|
|
Pinch Hitting: LHB Bert Webster
|
0-0: Ball 1-0: SINGLE (Line Drive, 9LM, EV 93.1 MPH)
|
|
Pinch Hitting: RHB Abel Wensink
|
0-0: Ball 1-0: Ball 2-0: Foul Ball, location: 2F 2-1: Ball 3-1: Grounds into double play, 4-6-3 (Groundball, 34S, EV 87.5 MPH)
|
| Top of the 8th over - 0 runs, 1 hit, 0 errors, 0 left on base; University of South Carolina 1 - University of Toronto 2 |
| BOTTOM OF THE 8TH |
|
University of Toronto Marlies batting - Pitching for University of South Carolina Gamecocks : RHP Borisav Koljevic
|
|
Pitching: RHP Danny Ramos
|
|
|
Now at 2B: Bert Webster
|
|
|
Now in LF: Jörg Young
|
|
|
Now in CF: Abel Wensink
|
|
|
Batting: RHB Logan Johnson
|
0-0: Ball 1-0: Ball 2-0: Foul Ball, location: 2F 2-1: Swinging Strike 2-2: Ball 3-2: Ground out U3 (Groundball, 34, EV 82.5 MPH)
|
|
Batting: RHB Elmar Adenauer
|
0-0: Foul Ball, location: 2F 0-1: Ground out 5-3 (Groundball, 56S, EV 92.5 MPH)
|
|
Batting: SHB Jack Tierney
|
0-0: Called Strike 0-1: Ball 1-1: Ball 2-1: Foul Ball, location: 2F 2-2: Foul Ball, location: 2F 2-2: Ball 3-2: Base on Balls
|
|
Batting: SHB Conrade Gordon
|
0-0: Called Strike Jack Tierney steals 2nd base (no throw) 0-1: Fly out, F7 (Line Drive, 7, EV 93.1 MPH)
|
| Bottom of the 8th over - 0 runs, 0 hits, 0 errors, 1 left on base; University of South Carolina 1 - University of Toronto 2 |
| TOP OF THE 9TH |
|
University of South Carolina Gamecocks batting - Pitching for University of Toronto Marlies : RHP Brad Cannell
|
|
Pitching: RHP Gui Xú
|
|
|
Batting: LHB David Fowler
|
0-0: Swinging Strike 0-1: Called Strike 0-2: Ball 1-2: Strikes out looking
|
|
Batting: RHB Ben Turner
|
0-0: Fly out, F9 (Flyball, 9D, EV 91.9 MPH)
|
|
Pinch Hitting: LHB David Saltzman
|
0-0: Swinging Strike 0-1: Ball 1-1: Ball 2-1: Called Strike 2-2: Strikes out looking
|
| Top of the 9th over - 0 runs, 0 hits, 0 errors, 0 left on base; University of South Carolina 1 - University of Toronto 2 |
|